 Dungeon Crawl Stone Soup version 0.28.0-45-g0d030f2227 (webtiles) character file.

Game seed: 17275294502423310752

4299 sanboga the Protected (level 10, -1/64 HPs)
             Began as a Gargoyle Fighter on Apr 19, 2022.
             Was a Believer of Trog.
             Killed from afar by a deep elf pyromancer (33 damage)
             ... with a bolt of fire
             ... on level 8 of the Dungeon.
             The game lasted 00:11:13 (7188 turns).

sanboga the Protected (Gargoyle Fighter)            Turns: 7188, Time: 00:11:14

Health: -1/64      AC: 31    Str: 31    XL:     10   Next: 32%
Magic:  10/10      EV:  8    Int:  8    God:    Trog [**....]
Gold:   229        SH:  5    Dex:  9    Spells: 9/9 levels left

rFire   . . .      SeeInvis .   a - +0 war axe
rCold   . . .      Faith    .   c - +0 buckler
rNeg    + . .      Spirit   .   g - +0 plate armour
rPois   ∞          Reflect  .   (no helmet)
rElec   +          Harm     .   b - +0 cloak
rCorr   .          Rampage  .   t - +1 pair of gloves
Will    .....                   i - +0 pair of boots
Stlth   ..........              (no amulet)
HPRegen 0.20/turn               f - +4 ring of protection
MPRegen 0.12/turn               m - +6 ring of strength

@: on berserk cooldown, slowed, studying Armour, very slow
A: sickness immunity, AC +7, negative energy resistance 1, electricity
resistance, torment resistance 1, petrification resistance
a: Renounce Religion, Berserk, Trog's Hand


You were on level 8 of the Dungeon.
You worshipped Trog.
Trog was pleased with you.
You visited 1 branch of the dungeon, and saw 8 of its levels.

You collected 356 gold pieces.
You spent 127 gold pieces at shops.

Inventory:

Hand Weapons
 a - a +0 war axe (weapon)
Armour
 b - a +0 cloak (worn)
 c - a +0 buckler (worn)
 g - a +0 plate armour (worn)
 i - a +0 pair of boots (worn)
 t - a +1 pair of gloves (worn)
Jewellery
 e - a ring of positive energy
 f - a +4 ring of protection (left hand)
 m - a +6 ring of strength (right hand)
Wands
 w - a wand of polymorph (10)
Scrolls
 j - 5 scrolls of teleportation
 n - a scroll of immolation {unknown}
 p - a scroll of blinking {unknown}
 r - a scroll of brand weapon {unknown}
 u - a scroll of vulnerability {unknown}
 v - a scroll of amnesia {unknown}
 y - a scroll of noise {unknown}
Potions
 d - a potion of magic {unknown}
 h - 2 potions of haste
 k - 2 potions of curing
 l - a potion of heal wounds
 o - 2 potions of brilliance {unknown}
 q - 3 potions of mutation {unknown}
 s - a potion of attraction {unknown}


   Skills:
 + Level 7.9 Fighting
 * Level 8.8 Axes
 + Level 10.3 Armour
 + Level 8.0 Shields


You had 9 spell levels left.
You didn't know any spells.
Your spell library contained the following spells:

 Spells                   Type           Power      Damage    Failure   Level
 Summon Small Mammal      Summ           0%         N/A       98%         1
 Call Canine Familiar     Summ           0%         N/A       100%        3
 Summon Guardian Golem    Hex/Summ       0%         N/A       100%        3


Dungeon Overview and Level Annotations

Branches:
Dungeon (8/15)             Temple (0/1) D:6
   Lair: D:8-11

Altars:
Elyvilon
Kikubaaqudgha
Makhleb
Okawaru
Qazlal
Ru
Trog
Wu Jian
Xom

Shops:
D:3 *[   D:5 (


Innate Abilities, Weirdness & Mutations

You are immune to sickness and miasma.
Your stone body is resilient. (AC +7)
You are immune to poison.
You resist negative energy. (rN+)
You are resistant to electric shocks. (rElec)
You are resistant to unholy torment.
You are immune to petrification.


Message History

The deep elf pyromancer is lightly wounded.
The deep elf pyromancer casts a spell.
The deep elf pyromancer blinks!
The deep elf pyromancer misses you.
You slash the deep elf pyromancer!
The deep elf pyromancer is heavily wounded.
You closely miss the deep elf pyromancer.
The deep elf pyromancer is heavily wounded.
You block the deep elf pyromancer's attack.
You barely miss the deep elf pyromancer.
The deep elf pyromancer is heavily wounded.
The deep elf pyromancer casts a spell.
You hit the deep elf pyromancer.
The deep elf pyromancer is heavily wounded.
You barely miss the fire elemental. You slash the deep elf pyromancer!
The deep elf pyromancer is severely wounded.
You closely miss the fire elemental.
You are no longer berserk.
You are exhausted.
You feel yourself slow down. The fire elemental hits you.
The fire elemental burns you!
The deep elf pyromancer points at you and mumbles some strange words.
The sticky flame hits you but does no damage.
You are covered in liquid flames!
You barely miss the deep elf pyromancer.
The deep elf pyromancer is severely wounded.
You barely miss the fire elemental.
You are covered in liquid flames!
The fire elemental barely misses you.
The deep elf pyromancer casts a spell.
The deep elf pyromancer blinks!
The fire elemental hits you. The fire elemental burns you!
You hit the fire elemental but do no damage.
You are covered in liquid flames!
The fire elemental closely misses you. The fire elemental hits you.
The deep elf pyromancer casts a spell at you.
The bolt of fire hits you!!
Ouch! That really hurt!
You die...

## ## ..°###.#.##!#
##.# ..○E###......#
#+...+#.E##≈###.####
##..... ###≈§≈##..#
#...... ##≈≈°≈§##.#
#.....####§≈≈##..#
+...'#..##≈##..##
##....###..##
##.@...##..##
##§E..##..##
#.##..#e..##
#...########
#..§..## ###...#
####.# #### ##


You could see a deep elf pyromancer and a fire elemental (summoned).

Vanquished Creatures
  The ghost of Malificent the Blocker, a novice GnFi of the Shining One (D:7)
  Pikel (D:6)
  Prince Ribbit (D:5)
  Menkaure (D:5)
  3 steam dragons (D:8)
  3 water moccasins
  An ice beast (D:7)
  A necrophage (D:5)
  3 ogres
  2 centaurs
  4 lemures (D:6)
  2 phantoms
  A kobold brigand (D:6)
  A gnoll sergeant (D:6)
  3 scorpions
  A water moccasin skeleton (D:7)
  2 howler monkeys
  4 quasits (D:7)
  3 centaur zombies
  2 gnoll shamans (D:7)
  4 orc priests
  2 hounds
  Ijyb (D:4)
  An orc wizard (D:7)
  A howler monkey zombie (D:7)
  21 gnolls
  2 adders (D:2)
  A white imp (D:7)
  2 ufetubi
  7 dart slugs
  12 orcs
  8 ball pythons
  7 bats
  8 endoplasms
  6 giant cockroaches
  5 goblins
  2 hobgoblins
  5 jackals
  5 quokkas
  3 training dummies (D:5)
  2 frilled lizards (D:2)
  13 kobolds
  5 rats
163 creatures vanquished.

Vanquished Creatures (others)
  A plant (D:6)
  3 withered plants (D:5)
4 creatures vanquished.

Grand Total: 167 creatures vanquished

Notes
Turn   | Place    | Note
-------+----------+-------------------------------------------
     0 | D:1      | sanboga the Gargoyle Fighter began the quest for the Orb.
     0 | D:1      | Reached XP level 1. HP: 14/14 MP: 1/1
    92 | D:1      | Reached XP level 2. HP: 19/19 MP: 2/2
   444 | D:1      | Reached XP level 3. HP: 23/23 MP: 3/3
  1060 | D:2      | You fall into a shaft and drop 2 floors!
  1369 | D:2      | Reached XP level 4. HP: 24/29 MP: 4/4
  1427 | D:2      | Found a faded altar of an unknown god.
  2072 | D:3      | Found a bloodstained altar of Trog.
  2265 | D:3      | Reached skill level 4 in Armour
  2283 | D:3      | Became a worshipper of Trog the Wrathful
  2385 | D:3      | Found Xuecvap's Antique Armour Shoppe.
  2396 | D:3      | Found Lyhoeplu's Assorted Antiques.
  2405 | D:3      | Bought a coppery potion for 21 gold pieces
  2405 | D:3      | Bought 2 puce potions for 43 gold pieces
  2405 | D:3      | Bought a bubbling grey potion for 21 gold pieces
  2458 | D:3      | Reached XP level 5. HP: 33/33 MP: 5/5
  2590 | D:3      | Found a shimmering altar of Xom.
  2663 | D:4      | Noticed an ogre
  2670 | D:4      | Killed an ogre
  2808 | D:3      | Bought a silvery potion for 21 gold pieces
  2917 | D:4      | Reached XP level 6. HP: 24/38 MP: 6/6
  3140 | D:3      | Bought a fizzy pink potion for 21 gold pieces
  3140 | D:3      | Identified a scroll of acquirement
  3140 | D:3      | Acquired a manual of Armour
  3447 | D:4      | Reached skill level 5 in Armour
  3447 | D:4      | Reached XP level 7. HP: 44/44 MP: 7/7
  3622 | D:4      | Noticed Ijyb
  3644 | D:4      | Killed Ijyb
  4122 | D:5      | Entered Level 5 of the Dungeon
  4210 | D:5      | Found a white marble altar of Elyvilon.
  4285 | D:5      | Reached skill level 5 in Fighting
  4387 | D:5      | Reached skill level 5 in Shields
  4647 | D:5      | Found Afiosh's Firing Range.
  4658 | D:5      | Reached * piety under Trog
  4707 | D:5      | Reached skill level 5 in Axes
  4707 | D:5      | Reached skill level 6 in Armour
  4781 | D:5      | Reached XP level 8. HP: 49/49 MP: 8/8
  4805 | D:5      | Found an ancient bone altar of Kikubaaqudgha.
  4842 | D:5      | Noticed Menkaure
  4849 | D:5      | Killed Menkaure
  5030 | D:5      | Reached skill level 7 in Armour
  5133 | D:5      | Noticed Prince Ribbit
  5158 | D:5      | Killed Prince Ribbit
  5402 | D:6      | Found an ornate altar of the Wu Jian Council.
  5462 | D:6      | Noticed Pikel
  5471 | D:6      | Killed Pikel
  5472 | D:6      | Reached skill level 8 in Armour
  5472 | D:6      | Reached XP level 9. HP: 54/56 MP: 9/9
  5584 | D:6      | Found a staircase to the Ecumenical Temple.
  5678 | D:6      | Reached skill level 9 in Armour
  6148 | D:6      | Found an iron altar of Okawaru.
  6150 | D:6      | Found a sacrificial altar of Ru.
  6151 | D:6      | Found a burning altar of Makhleb.
  6153 | D:6      | Found a stormy altar of Qazlal.
  6428 | D:7      | Noticed Malificent's ghost (novice GnFi)
  6445 | D:7      | Reached ** piety under Trog
  6541 | D:7      | Found a transporter.
  6591 | D:7      | Reached XP level 10. HP: 63/63 MP: 10/10
  6594 | D:7      | Found a transporter.
  6866 | D:7      | Killed Malificent's ghost
  6867 | D:7      | Reached skill level 10 in Armour
  7169 | D:8      | Noticed a deep elf pyromancer
  7188 | D:8      | Killed from afar by a deep elf pyromancer

Illustrated notes

Levels and vault maps discovered:
D:1:      tarquinn_simple_flora_water_d, layout_loops_cross, minivault_25
D:2:      layout_rooms, nicolae_ecumenical_snake_handling
D:3:      layout_rooms, mainiacjoe_overflow_alcove_1, trog_antimagical,
          serial_shops, nicolae_square_shop, nicolae_shop_overgrown_old_shop
D:4:      layout_basic, st_stairs_1, uniq_ijyb
D:5:      layout_basic, elyvilon_altar_1, kiku_gazebo_garden_becter,
          nicolae_shop_firing_range, uniq_prince_ribbit1, uniq_menkaure
D:6:      layout_basic, mainiacjoe_overflow_tiny_flanked,
          mainiacjoe_overflow_alcove_3, minmay_temple_entry_fiery, uniq_pikel
D:7:      layout_cave_pools, gammafunk_ghost_stat_death
D:8:      layout_loops_cross, nicolae_stop_n_shop_2,
          dilly_guarded_unrand_elemental_staff

Skill      XL: |  1  2  3  4  5  6  7  8  9 10 |
---------------+-------------------------------+-----
Axes           | 2 3 4 5 7 8 |  8.8
Armour         | 4 5 6 8 9 10 | 10.3
Shields        | 4 5 6 7 8 |  8.0
Fighting       | 4 5 6 7 |  7.9

Action                   |  1- 3 |  4- 6 |  7- 9 | 10-12 || total
-------------------------+-------+-------+-------+-------++-------
Melee: War axe           |    84 |   140 |   302 |    62 ||   588
Invok: Berserk           |       |       |     4 |     2 ||     6
  Use: Scroll            |     2 |     3 |       |     2 ||     7
       Potion            |       |     2 |     3 |       ||     5
Armor: Scale mail        |     6 |       |       |       ||     6
       Plate armour      |    69 |   117 |   342 |    82 ||   610
Dodge: Dodged            |    24 |    56 |   140 |    41 ||   261
Block: Buckler           |    23 |    42 |    95 |    26 ||   186
